 Dungeon Crawl Stone Soup version 0.30-a0-824-g6c64550be9 (webtiles) character file.

Game seed: 2638745201084662454

70 cforsyth the Sneak (level 4, 0/28 HPs)
             Began as a Kobold Brigand on Feb 28, 2023.
             Blown up by Ijyb (6 damage)
             ... with a mindburst bolt
             ... on level 3 of the Dungeon.
             The game lasted 00:01:45 (1844 turns).

cforsyth the Sneak (Kobold Brigand)                 Turns: 1844, Time: 00:01:45

Health: 0/28       AC:  4    Str:  8    XL:     4   Next: 45%
Magic:  4/4        EV: 15    Int: 12    God:
Gold:   105        SH:  0    Dex: 18    Spells: 3/3 levels left

rFire   . . .      SeeInvis .    a - +2 dagger
rCold   . . .      Faith    .    (no shield)
rNeg    . . .      Spirit   .    b - +0 robe
rPois   .          Reflect  .    (no helmet)
rElec   .          Harm     .    c - +0 cloak
rCorr   .          Rampage  .    g - +0 pair of gloves
Will    .....                    (no boots)
Stlth   ++++                     (no amulet)
HPRegen 0.24/turn                (no ring)
MPRegen 0.09/turn                (no ring)

@: no status effects
A: small, no large weapons, nightstalker 3
a: no special abilities


You were on level 3 of the Dungeon.
You visited 1 branch of the dungeon, and saw 3 of its levels.

You collected 105 gold pieces.

Inventory:

Hand Weapons
 a - a +2 dagger (weapon)
Missiles
 d - 9 poisoned darts (quivered)
 e - 3 curare-tipped darts
 f - a throwing net
Armour
 b - a +0 robe (worn)
 c - a +0 cloak (worn)
 g - a +0 pair of gloves (worn)
Jewellery
 n - a +4 ring of protection
Wands
 u - a wand of iceblast (7)
Scrolls
 h - a scroll of vulnerability {unknown}
 i - a scroll of noise {unknown}
 j - a scroll of silence {unknown}
 k - a scroll of fog {unknown}
 l - a scroll of amnesia {unknown}
 o - a scroll of teleportation {unknown}
 p - a scroll of magic mapping {unknown}
 t - a scroll of identify {unknown}
Potions
 m - a potion of ambrosia {unknown}
 q - a potion of magic {unknown}
 r - a potion of lignification {unknown}
 s - a potion of flight {unknown}


   Skills:
 + Level 3.0 Fighting
 + Level 3.7 Short Blades
 - Level 2.1 Throwing
 + Level 2.5 Dodging
 + Level 6.0 Stealth


You had 3 spell levels left.
You didn't know any spells.
Your spell library contained the following spells:

 Spells                   Type           Power      Damage    Failure   Level
 Apportation              Tloc           0%         N/A       32%         1
 Magic Dart               Conj           0%         1d3       32%         1
 Necrotise                Necr           0%         1d4       32%         1
 Summon Small Mammal      Summ           0%         N/A       32%         1
 Call Imp                 Summ           0%         N/A       45%         2
 Mephitic Cloud           Conj/Pois/Air  0%         N/A       69%         3


Dungeon Overview and Level Annotations

Branches:
Dungeon (3/15)

Altars:
Cheibriados
Ru
Uskayaw

Annotations:
D:3 Ijyb, Robin


Innate Abilities, Weirdness & Mutations

You are small and have problems with some larger weapons.
You are completely attuned to the shadows.


Message History

You barely miss the dart slug. The dart slug launches a dart at you.
The slug dart misses you.
You hit the dart slug but do no damage. You hit the dart slug.
The dart slug is lightly wounded.
The dart slug launches a dart at you. The slug dart misses you.
You hit the dart slug.
The dart slug is moderately wounded.
You hit the dart slug.
The dart slug is severely wounded.
The dart slug launches a dart at you. The slug dart hits you.
You hit the dart slug.
You kill the dart slug!
The goblin barely misses you.
You hit the goblin.
The goblin is moderately wounded.
The goblin hits you but does no damage.
You hit the goblin.
You kill the goblin!
Things that are here:
a +0 dagger; a goblin corpse Ijyb is nearby!
Ijyb shouts!
Ijyb screams, "No!
No, no, no, no!"
Ijyb zaps a wand.
Your mind is blasted!
Ouch! That really hurt!
* * * LOW HITPOINT WARNING * * *
You are too injured to fight recklessly!
Things that are here:
a +0 dagger; a goblin corpse
Items here: )) [ †.
Things that are here:
a +0 club; a goblin corpse Ijyb zaps a wand.
You barely resist.
There is a stone staircase leading up here.
Ijyb zaps a wand.
Your mind is blasted!
You die...

.≈.#.≈# .≈.#.≈#
#.# #.≈.#.# #.#
#.≈.#.###.#
#.≈.#..##.#
..≈.#..##.##
≈≈≈.#......##
#.#..<#.#########
#.##.###g.))@....
......#.#########
##.###..## #.##
##'## ##..g##
##.....##
#.†.....##
#.........#


You could see Ijyb.

Vanquished Creatures
  3 adders (D:2)
  2 dart slugs
  An orc (D:3)
  2 ball pythons
  3 endoplasms (D:2)
  A giant cockroach (D:2)
  7 goblins
  4 hobgoblins
  2 kobolds
  A quokka (D:2)
  4 bats
  3 frilled lizards
  5 rats
38 creatures vanquished.

Notes
Turn   | Place    | Note
-------+----------+-------------------------------------------
     0 | D:1      | cforsyth the Kobold Brigand began the quest for the Orb.
     0 | D:1      | Reached XP level 1. HP: 12/12 MP: 1/1
   635 | D:1      | Reached XP level 2. HP: 18/18 MP: 2/2
   846 | D:2      | Found a hide-covered altar of Uskayaw.
   934 | D:2      | Reached XP level 3. HP: 22/22 MP: 3/3
  1251 | D:2      | HP: 1/22 [poisoned by an adder]
  1254 | D:2      | Reached XP level 4. HP: 12/27 MP: 4/4
  1461 | D:2      | Identified the +4 pair of boots of Lounwack {rC+ rN++
                  | Regen+ Dex-3}
  1673 | D:3      | Identified the +4 war axe "Vifieko" {drain, +Blink Will+
                  | Stlth+}
  1733 | D:3      | Found a sacrificial altar of Ru.
  1739 | D:3      | Found a snail-covered altar of Cheibriados.
  1773 | D:3      | Noticed Robin
  1775 | D:3      | Noticed Ijyb
  1813 | D:3      | Reached skill level 6 in Stealth
  1844 | D:3      | Blown up by Ijyb

Illustrated notes

Levels and vault maps discovered:
D:1:      amcnicky_arrival_gap_in_the_tavern_cellar, layout_basic,
          nicolae_figureground_pulse
D:2:      layout_basic, basic_altar, hex_intersection
D:3:      layout_loops_corners, nicolae_overflow_squiral, nicolae_goblin_pals

Skill      XL: |  1  2  3  4 |
---------------+-------------+-----
Short Blades   | 3 |  3.7
Dodging        | 2 |  2.5
Fighting       | 3 |  3.0
Stealth        | 6 |  6.0
Throwing       | |  2.1

Action                     |  1- 3 |  4- 6 || total
---------------------------+-------+-------++-------
  Melee: Dagger            |    63 |    33 ||    96
         Punch             |     1 |     1 ||     2
    Use: Potion            |     1 |       ||     1
   Stab: Sleeping          |    17 |     6 ||    23
         Distracted        |       |     1 ||     1
 Armour: Robe              |     5 |     4 ||     9
  Dodge: Dodged            |    34 |    20 ||    54

Table legend: (Time is in decaauts)
 A = Elapsed time spent in this place.
 B = Non-inter-level travel time spent in this place.
 C = Inter-level travel time spent in this place.
 D = Time resting spent in this place.
 E = Time spent auto-exploring this place.
 F = Levels seen in this place.
 G = Mean time per level.
                   A        B        C        D        E       F      G
               +--------+--------+--------+--------+--------+-----+--------+
         Total |   1828 |   1777 |     51 |    181 |   1324 |   3 |  609.3 |
       Dungeon |   1828 |   1777 |     51 |    181 |   1324 |   3 |  609.3 |
               +--------+--------+--------+--------+--------+-----+--------+

Top non-repeatable levels by time:
     D:2: 883 daAuts
     D:1: 722 daAuts
     D:3: 223 daAuts
